 Dungeon Crawl Stone Soup version 0.26.1-2-gb8aa6d0cf2 (webtiles) character file.

Game seed: 7082506059964542226

59 Descartes the Magician (level 3, -5/19 HPs)
             Began as a Deep Elf Wanderer on Mar 9, 2021.
             Was an Initiate of Cheibriados.
             Slain by an orc
             ... wielding a +0 war axe
              (8 damage)
             ... on level 3 of the Dungeon.
             The game lasted 00:03:51 (2614 turns).

Descartes the Magician (Deep Elf Wanderer)          Turns: 2614, Time: 00:03:53

Health: -5/19      AC:  3    Str:  9    XL:     3   Next: 78%
Magic:  0/13       EV: 10    Int: 19    God:    Cheibriados [......]
Gold:   90         SH:  0    Dex: 15    Spells: 15/16 levels left

rFire    . . .     SeeInvis .   a - +0 dagger
rCold    . . .     Faith    .   (no shield)
rNeg     . . .     Spirit   .   k - +0 leather armour
rPois    .         Reflect  .   (no helmet)
rElec    .         Harm     .   (no cloak)
rCorr    .         Rampage  .   (no gloves)
Will     .....                  (no boots)
Stlth    ++........             (no amulet)
HPRegen  0.06/turn              (no ring)
MPRegen  0.13/turn              (no ring)

@: very slightly contaminated, very slow
A: no striking features
a: Renounce Religion, Bend Time


You were on level 3 of the Dungeon.
You worshipped Cheibriados.
Cheibriados was noncommittal.
You visited 1 branch of the dungeon, and saw 3 of its levels.

You collected 90 gold pieces.

Inventory:

Hand Weapons
 a - a +0 dagger (weapon)
 u - a cursed -3 scythe
Missiles
 b - 63 stones (quivered)
 e - 35 arrows
 g - 8 sling bullets
 i - 33 bolts
Armour
 d - a +0 robe
 k - a +0 leather armour (worn)
Scrolls
 f - 2 scrolls of amnesia {unknown}
 j - a scroll of enchant weapon {unknown}
 m - a scroll of magic mapping {unknown}
 n - 2 scrolls of identify {unknown}
 o - 3 scrolls of fear {unknown}
 s - a scroll of random uselessness {unknown}
Potions
 c - a potion of lignification
 h - a potion of flight {unknown}
 l - a potion of curing {unknown}
 p - a potion of berserk rage {unknown}
 q - a potion of ambrosia {unknown}
 r - a potion of degeneration {unknown}
 t - a potion of might {unknown}


   Skills:
 - Level 2.4 Stealth
 - Level 7.2 Spellcasting
 + Level 3.9 Conjurations
 - Level 1.1 Fire Magic
 - Level 2.1 Earth Magic


You had 15 spell levels left.
You knew the following spells:

 Your Spells              Type           Power        Failure   Level
a - Magic Dart            Conj           84%          2%          1

Your spell library contained the following spells:

 Spells                   Type           Power        Failure   Level
 Summon Small Mammal      Summ           24%          14%         1
 Conjure Flame            Conj/Fire      16%          16%         3
 Blink                    Tloc           N/A          22%         2
 Call Imp                 Summ           6%           22%         2
 Slow                     Hex            6%           22%         2
 Mephitic Cloud           Conj/Pois/Air  11%          24%         3
 Summon Guardian Golem    Hex/Summ       6%           38%         3


Dungeon Overview and Level Annotations

Branches:
Dungeon (3/15)

Altars:
Cheibriados


Message History

You kill the orc!
Cheibriados appreciates the change of pace.
Casting: Magic Dart (safe; 2% risk of failure)
Confirm with . or Enter, or press ? or * to list all spells.
Aiming: Magic Dart (safe; 2% risk of failure)
Press: ? - help, Shift-Dir - straight line, f - orc
Aim: an orc, wielding a +0 war axe (0% to evade)
You miscast Magic Dart.
You are very lightly contaminated with residual magic.
Nothing appears to happen.
The orc hits you with a +0 war axe!
* * * LOW HITPOINT WARNING * * *
Casting: Magic Dart (safe; 2% risk of failure)
Confirm with . or Enter, or press ? or * to list all spells.
Aiming: Magic Dart (safe; 2% risk of failure)
Press: ? - help, Shift-Dir - straight line, f/p - orc
Aim: an orc, wielding a +0 war axe (0% to evade)
The magic dart hits the orc.
The orc is heavily wounded.
The orc hits you with a +0 war axe!
You die...

######..# #..#
#..#
#####..##########
#...............#
#.###..####.###.#
#### ### #.# .
#.# .. #@# ...
#o# .... #o#
..... #.#
o...l.#.#
oo..K.'.#
......### ......
.....


You could see 2 orcs.

Vanquished Creatures
  An adder (D:3)
  2 dart slugs
  2 leopard geckos
  2 orcs (D:3)
  3 goblins (D:1)
  7 hobgoblins
  3 quokkas
  6 bats
  2 frilled lizards (D:2)
  6 kobolds
  8 rats
42 creatures vanquished.

Notes
Turn   | Place    | Note
-------+----------+-------------------------------------------
     0 | D:1      | Descartes the Deep Elf Wanderer began the quest for the
                  | Orb.
     0 | D:1      | Descartes set off with the following items: a +0 dagger, a
                  | potion of lignification, a +0 robe; and the following
                  | spells available to memorise: Magic Dart, Summon Small
                  | Mammal, Blink, Call Imp, Slow, Conjure Flame, Mephitic
                  | Cloud, Summon Guardian Golem
     0 | D:1      | Reached XP level 1. HP: 10/10 MP: 10/10
     2 | D:1      | Learned a level 1 spell: Magic Dart
   134 | D:1      | Reached skill level 1 in Conjurations
   345 | D:1      | Reached XP level 2. HP: 15/15 MP: 6/12
  1523 | D:2      | Reached XP level 3. HP: 19/19 MP: 11/13
  1999 | D:2      | Found a snail-covered altar of Cheibriados.
  2005 | D:2      | Became a worshipper of Cheibriados the Contemplative
  2614 | D:3      | Slain by an orc

Illustrated notes

Levels and vault maps discovered:
D:1:      erik_arrival_cave_to_civilisation [erik_arrival_cave_to_hall],
          layout_basic
D:2:      layout_basic, kennysheep_slug_shrine
D:3:      layout_loops_ring, lemuel_round_altar, kennysheep_generic_room_2

Skill      XL: |  1  2 |
---------------+-------+-----
Conjurations   | 1 3 |  3.9
Stealth        | |  2.4
Spellcasting   | |  7.2
Fire Magic     | |  1.1
Earth Magic    | |  2.1

Action                   || total
-------------------------++-------
 Cast: Magic Dart        ||   109
Armor: Robe              ||     4
Dodge: Dodged            ||    19
